 Seeded DCSS version 0.30.0-30-g96aa6591b8 (webtiles) character file.

Game seed: 6351066067085065685 (custom seed)

284 Esekla the Grave Robber (level 6, 0/32 HPs)
             Began as a Deep Elf Necromancer on June 28, 2023.
             Was a Follower of Vehumet.
             Slain by a gnoll bouda
             ... wielding a +0 club
              (3 damage)
             ... on level 3 of the Dungeon.
             The game lasted 00:19:40 (2884 turns).

Esekla the Grave Robber (Deep Elf Necromancer)      Turns: 2884, Time: 00:19:41

Health: 0/32       AC:  3    Str:  5    XL:     6   Next: 7%
Magic:  1/15       EV: 13    Int: 22    God:    Vehumet [*.....]
Gold:   162        SH:  0    Dex: 18    Spells: 8/15 levels left

rFire   . . .        a - +5 rapier of the Hero {heavy, rN+ Dex+3}
rCold   . . .        (no shield)
rNeg    + . .        t - +0 robe
rPois   .            (no helmet)
rElec   .            (no cloak)
rCorr   .            j - +0 pair of gloves
SInv    .            (no boots)
Will    .....        (no amulet)
Stlth   +++          (no ring)
HPRegen 0.25/turn    (no ring)
MPRegen 0.14/turn

%: no passive effects
@: attractive, very slightly contaminated
A: no striking features
a: Renounce Religion


You were on level 3 of the Dungeon.
You worshipped Vehumet.
Vehumet was aware of your devotion.
You visited 1 branch of the dungeon, and saw 4 of its levels.

You collected 162 gold pieces.

Inventory:

Hand Weapons
 a - the +5 rapier of the Hero (weapon) {heavy, rN+ Dex+3}
   (You found it on level 3 of the Dungeon)

   Dex:       It affects your dexterity (+3).
   rN:        It protects you from negative energy.
 r - a +0 spear
Missiles
 s - 4 poisoned darts (quivered)
Armour
 j - a +0 pair of gloves (worn)
 t - a +0 robe (worn)
Wands
 m - a wand of roots (8)
Scrolls
 c - 3 scrolls of identify {unknown}
 e - a scroll of fear {unknown}
 f - a scroll of immolation {unknown}
 k - a scroll of amnesia {unknown}
 l - a scroll of enchant armour {unknown}
 p - a scroll of fog {unknown}
 q - a scroll of blinking {unknown}
Potions
 b - a potion of magic
 d - a potion of ambrosia {unknown}
 g - a potion of attraction
 h - a potion of heal wounds {unknown}
 i - 2 potions of curing {unknown}
 n - a potion of haste {unknown}
 o - 2 potions of brilliance {unknown}


   Skills:
 + Level 1.1 Short Blades
 + Level 0.1 Throwing
 * Level 3.6 Dodging
 + Level 3.3 Stealth
 * Level 5.3 Spellcasting
 * Level 6.4 Necromancy
 * Level 1.3 Translocations


You had 8 spell levels left.
You knew the following spells:

 Your Spells              Type           Power      Damage    Failure   Level
a - Necrotise             Necr           100%       1d9       1%          1
d - Vampiric Draining     Necr           34%        2d8       1%          3
t - Teleport Other        Tloc           11%        N/A       17%         3

Your spell library contained the following spells:

 Spells                   Type           Power      Damage    Failure   Level
 Sandblast                Erth           10%        2d5       10%         1
 Animate Dead             Necr           34%        N/A       7%          4
 Lesser Beckoning         Tloc           22%        N/A       9%          2
 Gell's Gravitas          Tloc           11%        N/A       17%         3
 Agony                    Necr           34%        N/A       19%         5


Dungeon Overview and Level Annotations

Branches:
Dungeon (4/15)
 Temple: D:4-7

Altars:
Hepliaklqana
Qazlal
Trog
Vehumet

Shops:
D:2 =

Annotations:
D:2 adder


Message History

You draw life force from the gnoll!
You kill the gnoll!
Vehumet accepts your kill.
You feel life coursing into your body.
The gnoll bouda hits you but does no damage.
Casting: Vampiric Draining (safe; 1% risk of failure)
Confirm with . or Enter, or press ? or * to list all spells.
Aiming: Vampiric Draining (safe; 1% risk of failure)
Press: ? - help, Shift-Dir - straight line, f - gnoll bouda
Aim: a gnoll bouda, wielding a +0 club and wearing a +0 leather armour (lightly wounded, poisoned)
You draw life force from the gnoll bouda!
You feel life coursing into your body.
The gnoll bouda looks more healthy.
The gnoll bouda hits you with a +0 club!
Casting: Vampiric Draining (safe; 1% risk of failure)
Confirm with . or Enter, or press ? or * to list all spells.
Aiming: Vampiric Draining (safe; 1% risk of failure)
Press: ? - help, Shift-Dir - straight line, f/p - gnoll bouda
Aim: a gnoll bouda, wielding a +0 club and wearing a +0 leather armour (severely wounded)
You miscast Vampiric Draining.
Nothing appears to happen.
The gnoll bouda misses you.
You closely miss the gnoll bouda.
The gnoll bouda is heavily wounded.
The gnoll bouda misses you.
The gnoll bouda prays to its god.
The gnoll bouda is healed somewhat.
You barely miss the gnoll bouda.
The gnoll bouda is moderately wounded.
Your attacks no longer feel as feeble.
The gnoll bouda hits you with a +0 club!
* * * LOW HITPOINT WARNING * * *
The gnoll bouda hits you with a +0 club.
* * * LOW HITPOINT WARNING * * *
Okay, then.
It was a potion of attraction.
You feel attractive to monsters. The gnoll bouda barely misses you.
You barely miss the gnoll bouda.
The gnoll bouda is moderately wounded.
The gnoll bouda hits you with a +0 club.
You die...

#.#..####..#......#
#.##..##..##......#
#..#......#.......#
#..##....##.......##
#...#....#.........#
#.#.........##'###.#
#.######....##.# #.#
###.######....##)#
#.#
.......[.......g@#
#.######
################.#
#...)..# #.#
######.# #.# #.#
########### #.# #.#
#.........# #.# #.#
#.........######.#
#.#
#.........##.....#
#.#
#.........##.....#
#.#


You could see a gnoll bouda.

Vanquished Creatures
  A black bear (D:2)
  A hound (D:3)
  An iguana (D:2)
  6 gnolls
  3 adders
  2 dart slugs
  3 orcs (D:3)
  6 ball pythons
  4 bats
  4 endoplasms
  8 goblins
  4 hobgoblins
  A quokka (D:1)
  4 frilled lizards
  4 kobolds
  A rat (D:2)
53 creatures vanquished.

Notes
Turn   | Place    | Note
-------+----------+-------------------------------------------
     0 | D:1      | Esekla the Deep Elf Necromancer began the quest for the
                  | Orb.
     0 | D:1      | Reached XP level 1. HP: 10/10 MP: 6/6
   157 | D:1      | Reached skill level 5 in Necromancy
   272 | D:1      | Reached XP level 2. HP: 12/14 MP: 8/8
   413 | D:4      | Found a radiant altar of Vehumet.
   417 | D:4      | Became a worshipper of Vehumet
   866 | D:2      | Found Renulab's Jewellery Shop.
   930 | D:2      | Reached XP level 3. HP: 17/19 MP: 9/9
   934 | D:2      | Learned a level 3 spell: Vampiric Draining
  1258 | D:1      | Learned a level 3 spell: Teleport Other
  1398 | D:2      | Noticed a black bear
  1681 | D:2      | Found a faded altar of an unknown god.
  1712 | D:2      | Reached * piety under Vehumet
  1712 | D:2      | Offered knowledge of Sandblast by Vehumet.
  1713 | D:2      | Reached XP level 4. HP: 20/24 MP: 7/11
  1774 | D:2      | Reached skill level 1 in Short Blades
  1879 | D:2      | Killed a black bear
  1880 | D:2      | Reached skill level 6 in Necromancy
  1880 | D:2      | Reached skill level 1 in Translocations
  1880 | D:2      | Reached XP level 5. HP: 28/28 MP: 8/14
  2177 | D:3      | Identified the +5 rapier of the Hero {heavy, rN+ Dex+3}
  2428 | D:3      | Found a stormy altar of Qazlal.
  2430 | D:3      | Found a bloodstained altar of Trog.
  2439 | D:3      | Reached skill level 5 in Spellcasting
  2440 | D:3      | Found a hazy altar of Hepliaklqana.
  2867 | D:4      | Reached XP level 6. HP: 32/32 MP: 15/15
  2884 | D:3      | Slain by a gnoll bouda

Illustrated notes

Levels and vault maps discovered:
D:1:      sevenhm_arrival_forest_fort_small_3, layout_rooms,
          chequers_serial_rivers_room_b, minmay_misc_feat_five
D:2:      layout_loops_ring, dreamdust_ecumenical_altar_angels_and_demons,
          serial_shops, shop
D:3:      layout_basic, grunt_temple_overflow_open, minmay_misc_feat_iff
D:4:      layout_basic, nicolae_overflow_quartered_altars, serial_shops,
          nicolae_diamond_shop

Skill      XL: |  1  2  3  4  5 |
---------------+----------------+-----
Necromancy     | 5 6 |  6.4
Stealth        | 3 |  3.3
Dodging        | 3 |  3.6
Short Blades   | 1 |  1.1
Spellcasting   | 4 5 |  5.3
Translocations | 1 |  1.3
Throwing       | |  0.1

Action                     |  1- 3 |  4- 6 || total
---------------------------+-------+-------++-------
  Melee: Short sword       |    10 |       ||    10
         Unarmed           |     9 |       ||     9
         Dagger            |    77 |     9 ||    86
         Punch             |     1 |       ||     1
         Rapier            |       |    18 ||    18
  Throw: Dart              |       |    10 ||    10
   Cast: Vampiric Draining |    10 |    11 ||    21
  Evoke: Wand              |     1 |       ||     1
    Use: Potion            |       |     1 ||     1
   Stab: Sleeping          |     5 |       ||     5
 Armour: Robe              |    11 |     6 ||    17
  Dodge: Dodged            |    56 |    31 ||    87
